 Dungeon Crawl Stone Soup version 0.28-a0-1286-g6bde065e89 (webtiles) character file.

Game seed: 6617255168907894276

9622 Zonian the Zephyrmancer (level 11, -7/54 HPs)
             Began as a Tengu Air Elementalist on Dec 27, 2021.
             Was a High Priest of Okawaru.
             Mangled by a komodo dragon (25 damage)
             ... on level 1 of the Lair of Beasts.
             The game lasted 00:33:45 (17170 turns).

Zonian the Zephyrmancer (Tengu Air Elementalist)   Turns: 17170, Time: 00:33:45

Health: -7/54      AC:  8    Str: 12    XL:     11   Next: 49%
Magic:  0/22       EV: 24    Int: 21    God:    Okawaru [*****.]
Gold:   357        SH:  9    Dex: 19    Spells: 14/24 levels left

rFire   + . .      SeeInvis .   Q - +1 dagger (venom)
rCold   . . .      Faith    .   r - +2 buckler
rNeg    + + .      Spirit   +   O - +0 troll leather armour
rPois   +          Reflect  .   G - +0 hat "Varghei" {Regen+ Int+2}
rElec   .          Harm     .   C - scarf {shadows}
rCorr   .          Rampage  .   (no gloves)
Will    .....                   (boots unavailable)
Stlth   +++++.....              R - amulet of guardian spirit
HPRegen 1.78/turn               l - ring of poison resistance
MPRegen 0.18/turn               u - ring of the Divine Lemon {rF+ rN++ AC+4 Str+3 Dex+4}

@: heroic, flying quickly and evasively, quick
A: beak, talons 3, nimble flight
a: Renounce Religion, Heroism, Finesse, Duel


You were on level 1 of the Lair of Beasts.
You worshipped Okawaru.
Okawaru was extremely pleased with you.
You visited 2 branches of the dungeon, and saw 11 of its levels.
You also visited: Bailey.

You collected 717 gold pieces.
You spent 360 gold pieces at shops.

Inventory:

Hand Weapons
 b - a +1 vampiric spear
 d - a +1 dagger of speed
 j - a +0 hunting sling
 n - a +0 hand crossbow
 x - a +2 dagger of draining
 y - a +0 falchion of protection
 z - a +0 hand axe of electrocution
 K - a +3 vorpal long sword
 Q - a +1 dagger of venom (weapon)
Missiles
 p - 5 javelins
 t - 3 throwing nets
 A - 28 sling bullets
 E - 17 bolts
Armour
 a - a +0 robe
 c - a +1 ring mail of fire resistance
 k - a +0 robe of cold resistance
 r - a +2 buckler (worn)
 C - a scarf of shadows (worn)
 G - the +0 hat "Varghei" (worn) {Regen+ Int+2}
   (You acquired it in a bailey)

   Int:       It affects your intelligence (+2).
   Regen:     It increases your rate of health regeneration.
 J - the +1 leather armour of Yjylit {rN+}
   (You took it off an orc sorcerer in a bailey)

   rN:        It protects you from negative energy.
 O - a +0 troll leather armour (worn)
Jewellery
 l - a ring of poison resistance (left hand)
 q - a ring of positive energy
 u - the ring of the Divine Lemon (right hand) {rF+ rN++ AC+4 Str+3 Dex+4}
   (You acquired it on level 4 of the Dungeon)

   [ring of protection]

   AC:        It affects your AC (+4).
   Str:       It affects your strength (+3).
   Dex:       It affects your dexterity (+4).
   rF:        It protects you from fire.
   rN:        It greatly protects you from negative energy.
 M - a ring of resist corrosion
 R - an amulet of guardian spirit (around neck)
 T - an amulet of the acrobat
Wands
 o - a wand of iceblast (6)
 D - a wand of flame (18)
Scrolls
 s - 7 scrolls of teleportation
 v - 3 scrolls of enchant weapon
 B - a scroll of blinking
 F - a scroll of amnesia
 H - a scroll of enchant armour
 I - 3 scrolls of fog
 L - 2 scrolls of fear
Potions
 e - 3 potions of haste
 f - 2 potions of heal wounds
 g - 3 potions of might
 h - a potion of lignification
 i - 3 potions of attraction
 m - 2 potions of mutation
 w - 2 potions of curing
 N - 2 potions of brilliance
 P - a potion of degeneration
 S - a potion of berserk rage


   Skills:
 + Level 8.6(13.6) Dodging
 + Level 8.5(13.5) Stealth
 - Level 4.0(9.0) Shields
 + Level 7.2 Spellcasting
 + Level 9.9 Conjurations
 + Level 10.6 Air Magic
 + Level 3.1 Invocations


You had 14 spell levels left.
You knew the following spells:

 Your Spells              Type           Power      Damage    Failure   Level
a - Shock                 Conj/Air       100%       1d9       1%          1
b - Static Discharge      Conj/Air       50%        N/A       1%          2
c - Swiftness             Air            51%        N/A       1%          3
d - Airstrike             Air            25%        N/A       1%          4

Your spell library contained the following spells:

 Spells                   Type           Power      Damage    Failure   Level
 Fulminant Prism          Conj/Hex       14%        3d9       14%         4
 Iskenderun's Mystic Bla  Conj/Tloc      28%        2d7       14%         4
 Frozen Ramparts          Ice            14%        1d3       32%         3
 Gell's Gravitas          Tloc           7%         N/A       32%         3
 Lesser Beckoning         Tloc           7%         N/A       32%         3
 Ozocubu's Armour         Ice            7%         N/A       32%         3
 Teleport Other           Tloc           7%         N/A       32%         3
 Ice Form                 Ice/Tmut       7%         N/A       73%         4
 Lee's Rapid Deconstruct  Erth           3%         3d6*      97%         5
 Metabolic Englaciation   Hex/Ice        3%         N/A       97%         5
 Summon Ice Beast         Ice/Summ       Unusable   N/A       N/A         4
 Simulacrum               Ice/Necr       Unusable   N/A       N/A         6

Dungeon Overview and Level Annotations

Branches:
Dungeon (10/15)            Temple (0/1) D:7            Lair (1/6) D:8
 Bailey (visited)
    Orc: D:9-12

Altars:
Cheibriados
Elyvilon
Kikubaaqudgha
Nemelex Xobeh
Okawaru
Sif Muna
Zin

Shops:
D:5 *


Innate Abilities, Weirdness & Mutations

You have a beak for a mouth.
You have claws for feet.
Your magical nature lets you fly swiftly and evasively.


Message History

You gain the combat prowess of a mighty hero.
You block the komodo dragon's attack.
You closely miss the komodo dragon.
The blink frog gives a loud, deep croak!
You claw the komodo dragon.
The komodo dragon is lightly wounded.
The komodo dragon misses you.
You closely miss the komodo dragon.
You claw the komodo dragon, but do no damage.
You peck the komodo dragon, but do no damage.
The komodo dragon is lightly wounded.
The komodo dragon bites you!!
You hit the komodo dragon but do no damage.
You claw the komodo dragon, but do no damage.
The komodo dragon is lightly wounded.
You hit the komodo dragon but do no damage.
The komodo dragon is poisoned.
You claw the komodo dragon. You peck the komodo dragon.
The komodo dragon is lightly wounded.
The komodo dragon bites you!!
The blink frog blinks!
Unknown command.
Casting: Static Discharge (safe; 1% risk of failure)
Confirm with . or Enter, or press ? or * to list all spells.
The komodo dragon is struck by an arc of lightning!
The komodo dragon is moderately wounded.
You are struck by an arc of lightning.
The komodo dragon is struck by an arc of lightning.
The komodo dragon is heavily wounded.
The lightning grounds out.
The komodo dragon bites you but does no damage.
Casting: Static Discharge (safe; 1% risk of failure)
Confirm with . or Enter, or press ? or * to list all spells.
The komodo dragon is struck by an arc of lightning.
The komodo dragon is heavily wounded.
You are struck by an arc of lightning.
The komodo dragon is struck by an arc of lightning!
The komodo dragon is severely wounded.
You are struck by an arc of lightning.
The lightning grounds out.
The komodo dragon bites you!!
You die...

.........#.##.##........##..#
.....#..#.###.##....≈.....#.#
.....l#.P...#.##F##......##.###
.#.............#.##...#..##.#†###
......#.....#...............†....
##...##.....#..#.###.#......###P.
#[#..# ##P>..##............# ##.
#.#..# .....##l#######.#.## #..
....F..#..l...##@# ##..# #..
#...)#....#.#.##.#######.#.## #..
.##$.#..#............##..#..###..
. ...... .................#.####
# ..#.# .##.###.##.##.....## #..#
## #...#.###...## #........#...#
.............# ..P.#...##..##


You could see a komodo dragon (very poisoned) and a blink frog.

Vanquished Creatures
  2 orc sorcerers (Bailey)
  A centaur zombie (D:10)
  2 komodo dragons (D:8)
  3 trolls
  5 blink frogs (Lair:1)
  2 wyverns (D:8)
  6 yaks (Lair:1)
  A steam dragon (D:8)
  A basilisk (D:8)
  3 water moccasins
  10 orc warriors (Bailey)
  2 hornet zombies
  2 sky beasts
  2 ice beasts
  A black bear (D:5)
  2 ogres (D:6)
  4 necrophages
  2 centaurs
  2 kobold brigands
  2 phantoms
  3 bullfrogs
  A gnoll sergeant (D:8)
  2 scorpions
  A wyvern skeleton (D:7)
  A water moccasin skeleton (D:5)
  12 killer bees
  5 howler monkeys
  5 electric eels (Bailey)
  A bullfrog zombie (D:4)
  A jelly (D:6)
  4 hounds
  5 orc priests
  2 iguanas
  5 orc wizards
  9 gnolls
  2 howler monkey skeletons
  6 adders
  An ufetubus (D:7)
  An adder zombie (D:4)
  A worm (D:2)
  2 dart slugs
  32 orcs
  8 ball pythons
  6 endoplasms
  4 giant cockroaches
  8 goblins
  11 hobgoblins
  2 jackals (D:3)
  5 quokkas
  5 bats
  3 frilled lizards
  18 kobolds
  7 rats
234 creatures vanquished.

Vanquished Creatures (others)
  3 fungi (Lair:1)
  3 plants (Lair:1)
  4 toadstools (D:9)
10 creatures vanquished.

Grand Total: 244 creatures vanquished

Notes
Turn   | Place    | Note
-------+----------+-------------------------------------------
     0 | D:1      | Zonian the Tengu Air Elementalist began the quest for the
                  | Orb.
     0 | D:1      | Reached XP level 1. HP: 10/10 MP: 4/4
   540 | D:1      | Reached XP level 2. HP: 15/15 MP: 0/6
  1501 | D:2      | Reached XP level 3. HP: 17/19 MP: 4/7
  2069 | D:2      | Learned a level 2 spell: Static Discharge
  2073 | D:2      | Learned a level 3 spell: Swiftness
  2740 | D:3      | Found a faded altar of an unknown god.
  2747 | D:3      | Prayed at the altar of an unknown god.
  2747 | D:3      | Became a worshipper of Warmaster Okawaru
  2747 | D:3      | Reached * piety under Okawaru
  3380 | D:3      | Reached XP level 4. HP: 24/24 MP: 6/8
  4337 | D:3      | Gained mutation: Your magical nature lets you fly swiftly
                  | and evasively. [Tengu growth]
  4337 | D:3      | Reached XP level 5. HP: 28/28 MP: 4/10
  4344 | D:3      | Reached skill level 1 in Shields
  4796 | D:4      | Reached skill level 5 in Air Magic
  5130 | D:4      | Identified a scroll of acquirement
  5130 | D:4      | Acquired the ring of the Divine Lemon {rF+ rN++ AC+4 Str+3
                  | Dex+4}
  5172 | D:4      | Reached XP level 6. HP: 27/32 MP: 4/11
  5453 | D:4      | Reached ** piety under Okawaru
  5760 | D:4      | Reached XP level 7. HP: 28/36 MP: 1/12
  6162 | D:4      | Found a glowing silver altar of Zin.
  6191 | D:5      | Entered Level 5 of the Dungeon
  6312 | D:5      | Reached skill level 6 in Air Magic
  6400 | D:5      | Reached XP level 8. HP: 37/41 MP: 5/14
  6737 | D:5      | Learned a level 4 spell: Airstrike
  6766 | D:5      | Reached *** piety under Okawaru
  7142 | D:5      | Reached skill level 5 in Conjurations
  7261 | D:5      | Found an ancient bone altar of Kikubaaqudgha.
  7263 | D:5      | Found a white marble altar of Elyvilon.
  7292 | D:5      | Reached skill level 5 in Dodging
  7509 | D:5      | Found Fatib's Assorted Antiques.
  7512 | D:5      | Bought a scroll labelled OTWUGU ETOLO for 30 gold pieces
  7512 | D:5      | Bought a scroll labelled OTWUGU ETOLO for 30 gold pieces
  7512 | D:5      | Bought a scroll labelled KISAGE AHUUM for 30 gold pieces
  7805 | D:6      | Reached skill level 5 in Stealth
  8536 | D:6      | Found a snail-covered altar of Cheibriados.
  8546 | D:6      | Reached skill level 7 in Air Magic
  8848 | D:6      | Reached XP level 9. HP: 45/45 MP: 16/16
  9336 | D:7      | Found a sparkling altar of Nemelex Xobeh.
  9814 | D:7      | Reached **** piety under Okawaru
  9868 | D:7      | Found a staircase to the Ecumenical Temple.
 10017 | D:7      | Reached skill level 5 in Spellcasting
 10348 | D:8      | Noticed a troll
 10363 | D:8      | Killed a troll
 10364 | D:8      | Reached skill level 8 in Air Magic
 10422 | D:8      | Found a flagged portal.
 10537 | D:8      | Noticed a komodo dragon
 10547 | D:8      | Killed a komodo dragon
 10563 | D:8      | Found a staircase to the Lair.
 10624 | D:8      | Noticed a komodo dragon
 10687 | Bailey   | Entered a bailey
 10777 | Bailey   | Reached XP level 10. HP: 50/50 MP: 19/19
 11300 | Bailey   | Reached ***** piety under Okawaru
 11605 | Bailey   | Acquired the +0 hat "Varghei" {Regen+ Int+2}
 11626 | Bailey   | Reached skill level 9 in Air Magic
 11924 | Bailey   | Identified the +1 leather armour of Yjylit {rN+}
 11924 | Bailey   | Noticed an orc sorcerer
 11937 | Bailey   | Noticed an orc sorcerer
 11939 | Bailey   | Killed an orc sorcerer
 11943 | Bailey   | Killed an orc sorcerer
 11967 | Bailey   | Found an iron altar of Okawaru.
 12654 | D:8      | Received a gift from Okawaru
 13220 | D:8      | Reached skill level 1 in Invocations
 13600 | D:5      | Bought a coral ring for 150 gold pieces
 13600 | D:5      | Bought a potion of might for 120 gold pieces
 14293 | D:9      | Reached skill level 10 in Air Magic
 14500 | D:9      | Reached XP level 11. HP: 47/54 MP: 19/22
 15008 | D:9      | Found a shimmering blue altar of Sif Muna.
 15230 | D:10     | Entered Level 10 of the Dungeon
 16375 | Lair:1   | Entered Level 1 of the Lair of Beasts
 16398 | Lair:1   | Noticed a four-headed hydra
 16548 | Lair:1   | Received a gift from Okawaru
 16889 | Lair:1   | Received a gift from Okawaru
 17170 | Lair:1   | Mangled by a komodo dragon

Illustrated notes

Levels and vault maps discovered:
D:1:      dpeg_arrival_rooms_c, layout_basic
D:2:      layout_basic
D:3:      minmay_general_purpose_star, layout_basic,
          chequers_ecumenical_altar_simple_redux,
          minmay_fractal_squares_diagonal_5
D:4:      layout_loops_corners, zin_scriptorium, minmay_vboxes
D:5:      layout_cave_pools, nicolae_overflow_squiral, serial_shops,
          kennysheep_mini
D:6:      layout_loops_corners, mainiacjoe_overflow_alcove_1,
          roderic_roman_lattice, minmay_tree_intersection
D:7:      layout_rooms, nicolae_overflow_crystal_walls,
          lemuel_temple_firewalk_b, minmay_misc_feat_room, grunt_decor_junction,
          item_on_display_a
D:8:      layout_cave_pools, erik_lair_dragon, enter_bailey_6
D:9:      layout_basic, lemuel_blue_sif_altar, minmay_gold_behind_fungi
D:10:     layout_cave_pools
Lair:1:   layout_loops_ring, chequers_serial_rivers_micro_c, patterned_corridor

Skill      XL: |  1  2  3  4  5  6  7  8  9 10 11 |
---------------+----------------------------------+-----
Conjurations   | 2 3 4 5 7 9 |  9.9
Dodging        | 3 4 5 6 8 |  8.6
Stealth        | 3 4 5 6 8 |  8.5
Shields        | 1 2 4 |  4.0
Air Magic      | 5 6 7 8 10 | 10.6
Spellcasting   | 3 4 5 6 7 |  7.2
Invocations    | 1 3 |  3.1

Action                   |  1- 3 |  4- 6 |  7- 9 | 10-12 || total
-------------------------+-------+-------+-------+-------++-------
Melee: Spear             |     4 |       |       |       ||     4
       Dagger            |    36 |    32 |   103 |   215 ||   386
       Kick              |     8 |    12 |    35 |    72 ||   127
       Peck              |     2 |     4 |    21 |    57 ||    84
       Unarmed           |       |       |       |    20 ||    20
 Cast: Shock             |    64 |    59 |    93 |    73 ||   289
       Static Discharge  |       |     9 |    40 |    44 ||    93
       Airstrike         |       |       |     6 |    15 ||    21
Invok: Heroism           |       |       |     4 |     3 ||     7
Evoke: Wand              |       |     7 |     4 |    11 ||    22
  Use: Scroll            |     8 |     5 |     6 |    11 ||    30
       Potion            |       |     1 |     2 |       ||     3
 Stab: Sleeping          |     5 |     2 |     7 |     7 ||    21
       Distracted        |       |       |       |     1 ||     1
Armor: Robe              |     3 |     6 |    25 |    19 ||    53
       Troll leather arm |       |       |       |    18 ||    18
Dodge: Dodged            |    17 |    15 |   110 |   187 ||   329
Block: Buckler           |       |     4 |    28 |    95 ||   127

Table legend: (Time is in decaauts)
 A = Elapsed time spent in this place.
 B = Non-inter-level travel time spent in this place.
 C = Inter-level travel time spent in this place.
 D = Time resting spent in this place.
 E = Time spent auto-exploring this place.
 F = Levels seen in this place.
 G = Mean time per level.
                   A        B        C        D        E       F      G
               +--------+--------+--------+--------+--------+-----+--------+
         Total |  16542 |  15963 |    579 |   6121 |   7439 |  12 | 1378.5 |
       Dungeon |  13930 |  13352 |    578 |   4595 |   7006 |  10 | 1393.0 |
          Lair |    749 |    749 |      0 |    262 |    236 |   1 |  749.0 |
        Bailey |   1862 |   1862 |      0 |   1262 |    196 |   1 | 1862.0 |
               +--------+--------+--------+--------+--------+-----+--------+

Top non-repeatable levels by time:
     D:3: 2137 daAuts
  Bailey: 1862 daAuts
     D:6: 1654 daAuts
     D:4: 1571 daAuts
     D:9: 1509 daAuts
     D:1: 1424 daAuts
     D:8: 1419 daAuts
     D:2: 1165 daAuts
     D:5: 1126 daAuts
    D:10: 1018 daAuts
     D:7: 902 daAuts
  Lair:1: 749 daAuts
